 Dungeon Crawl Stone Soup version 0.24.0-29-g8ce449bc06 (webtiles) character file.

Game seed: 875858499342392432, levelgen mode: deterministic

47 FishyPogo the Skirmisher (level 3, -1/33 HPs)
             Began as a Draconian Wanderer on Nov 15, 2019.
             Slain by a leopard gecko (3 damage)
             ... on level 2 of the Dungeon.
             The game lasted 00:03:54 (1102 turns).

FishyPogo the Skirmisher (Draconian Wanderer)       Turns: 1102, Time: 00:03:54

Health: -1/33      AC:  5    Str: 15    XL:     3   Next: 48%
Magic:  4/4        EV:  8    Int: 12    God:
Gold:   70         SH:  8    Dex: 10    Spells: 3/4 levels left

rFire    . . .     SeeInvis .   a - +0 mace
rCold    . . .     Gourm    .   b - +0 shield
rNeg     . . .     Faith    .   (armour unavailable)
rPois    .         Spirit   .   (helmet restricted)
rElec    .         Reflect  .   (no cloak)
rCorr    .         Harm     .   (no gloves)
MR       .....                  (no boots)
Stlth    +.........             (no amulet)
HPRegen  0.11/turn              (no ring)
MPRegen  0.09/turn              (no ring)

@: flying (expiring)
A: unfitting armour, cold-blooded, AC +5
a: no special abilities


You were on level 2 of the Dungeon.
You were not hungry.

You visited 1 branch of the dungeon, and saw 2 of its levels.

You collected 70 gold pieces.

Inventory:

Hand Weapons
 a - a +0 mace (weapon)
Missiles
 e - 40 stones (quivered)
 g - 7 boomerangs
Armour
 b - a +0 shield (worn)
Scrolls
 h - 2 scrolls of identify {unknown}
 k - a scroll of immolation {unknown}
 l - a scroll of fear {unknown}
 m - a scroll of magic mapping {unknown}
Potions
 c - a potion of might {unknown}
 i - a potion of invisibility {unknown}
 p - a potion of cancellation {unknown}
Comestibles
 d - 5 rations
 f - 3 chunks of flesh


   Skills:
 * Level 3.9 Fighting
 - Level 2.0 Maces & Flails
 - Level 1.0 Stealth
 * Level 2.1 Shields
 - Level 1.0 Spellcasting
 * Level 2.7 Summonings


You had 3 spell levels left.
You knew the following spells:

 Your Spells              Type           Power        Failure   Level  Hunger
y - Summon Butterflies    Summ           #.......     45%         1    ##.....

Your spell library contained the following spells:

 Spells                   Type           Power        Failure   Level  Hunger
 Recall                   Summ/Tloc      N/A          95%         3    ####...


Dungeon Overview and Level Annotations

Branches:
Dungeon (2/15)

Altars:
Ashenzari


Innate Abilities, Weirdness & Mutations

Your plain brown scales are hard. (AC +5)
You cannot fit into any form of body armour.
You are cold-blooded and may be slowed by cold attacks.


Message History

The leopard gecko is lightly wounded.
You block the leopard gecko's attack. The leopard gecko barely misses you.
You barely miss the leopard gecko.
You tail-slap the leopard gecko, but do no damage.
The leopard gecko is lightly wounded.
You are starting to lose your buoyancy.
The leopard gecko barely misses you. You block the leopard gecko's attack.
You barely miss the leopard gecko.
The leopard gecko bites you but does no damage.
You completely miss the leopard gecko. You tail-slap the leopard gecko.
The leopard gecko is almost dead.
The leopard gecko bites you.
* * * LOW HITPOINT WARNING * * *
The leopard gecko barely misses you.
It was a potion of magic.
Magic courses through your body. The leopard gecko misses you.
You closely miss the leopard gecko.
The leopard gecko is severely wounded.
The leopard gecko bites you.
You die...

## ############## .#
#............#
.#####............#
.##..'.>..........#
.##.##............####
.##.#..........รท@...(#
.+......#..#+##+#l##.#
.##.#......# r#
....#.....### ..
#####.......# ...
##..#.#.....# ....
##..#....#### # ..>..
....#.........## ......
#.........###...


You could see a leopard gecko and a rat.

Vanquished Creatures
  An adder (D:2)
  A worm (D:2)
  A dart slug (D:2)
  2 leopard geckos (D:1)
  A giant cockroach (D:1)
  2 goblins
  5 hobgoblins
  A kobold (D:2)
  A quokka (D:2)
  7 bats
  3 frilled lizards
  A jackal skeleton (D:2)
  6 rats
32 creatures vanquished.

Notes
Turn   | Place    | Note
-------+----------+-------------------------------------------
     0 | D:1      | FishyPogo the Draconian Wanderer began the quest for the
                  | Orb.
     0 | D:1      | FishyPogo set off with the following items: a +0 mace, a +0
                  | shield, a ration; and the following spell memorised: Summon
                  | Butterflies; and the following spells available to
                  | memorise: Recall
     0 | D:1      | Reached XP level 1. HP: 19/19 MP: 2/2
   136 | D:1      | Reached XP level 2. HP: 14/26 MP: 3/3
   810 | D:2      | Found a shattered altar of Ashenzari.
   851 | D:2      | Reached XP level 3. HP: 14/33 MP: 4/4
  1102 | D:2      | Slain by a leopard gecko

Levels and vault maps discovered:
D:1:      mrwooster_arrival_statue, layout_loops_ring
D:2:      layout_basic, nicolae_overflow_hidden_temple

Skill      XL: |  1  2  3 |
---------------+----------+-----
Shields        | 2 |  2.1
Fighting       | |  3.9
Maces & Flails | |  2.0
Stealth        | |  1.0
Spellcasting   | |  1.0
Summonings     | |  2.7

Action                   || total
-------------------------++-------
Melee: Mace              ||   136
       Tailslap          ||    10
Throw: Stone             ||     6
 Cast: Summon Butterflie ||     2
  Use: Potion            ||     3
 Stab: Sleeping          ||     3
  Eat: Chunk             ||     1
Armor: Skin              ||    57
Dodge: Dodged            ||    49
Block: Shield            ||    70
